 Dungeon Crawl Stone Soup version 0.20.0 (webtiles) character file.

1302 SpeedrunTech the Cleaver (level 8, 0/111 HPs)
             Began as a Minotaur Berserker on June 11, 2017.
             Was a Believer of Trog.
             Succumbed to a killer bee's poison
             ... on level 8 of the Dungeon.
             The game lasted 00:01:09 (1606 turns).

SpeedrunTech the Cleaver (Minotaur Berserker)       Turns: 1606, Time: 00:01:10

Health: 0/111      AC:  6    Str: 27    XL:     8   Next: 31%
Magic:  7/7        EV: 11    Int:  5    God:    Trog [**....]
Gold:   55         SH:  0    Dex: 11    Spells: 7/7 levels left

rFire    . . .     SeeInvis .   a - +0 war axe
rCold    . . .     Gourm    .   (no shield)
rNeg     . . .     Faith    .   e - +0 scale mail
rPois    .         Spirit   .   (helmet restricted)
rElec    .         Reflect  .   (no cloak)
rCorr    .         Harm     .   (no gloves)
MR       +++..                  (no boots)
Stlth    ..........             (no amulet)
Regen    1.3/turn               d - ring of protection from magic
MPRegen  0.1/turn               (no ring)

@: berserking, lethally poisoned (0 -> -32), regenerating, very quick
A: retaliatory headbutt, horns 2
a: Berserk, Trog's Hand, Burn Spellbooks, Renounce Religion


You were on level 8 of the Dungeon.
You worshipped Trog.
Trog was pleased with you.
You were very hungry.

You visited 1 branch of the dungeon, and saw 8 of its levels.

You collected 55 gold pieces.

Inventory:

Hand Weapons
 a - a +0 war axe (weapon)
Armour
 b - a +0 animal skin
 e - a +0 scale mail (worn)
Jewellery
 d - a ring of protection from magic (left hand)
Scrolls
 g - a scroll of immolation {unknown}
 h - a scroll of identify {unknown}
 i - a scroll of amnesia {unknown}
 j - 2 scrolls of blinking {unknown}
 k - a scroll of magic mapping {unknown}
Potions
 f - 2 potions of agility {unknown}
 l - a potion of lignification {unknown}
 n - a potion of haste {unknown}
Comestibles
 c - 2 bread rations
 m - a royal jelly
 o - 4 fruits
 p - 2 chunks of flesh


   Skills:
 + Level 8.0 Fighting
 * Level 10.4 Axes
 - Level 2.4 Armour
 - Level 2.1 Dodging


You had 7 spell levels left.
You didn't know any spells.

Dungeon Overview and Level Annotations

Branches:
Dungeon (8/15)
 Temple: D:4-7         Lair: D:8-11

Altars:
Ashenzari
Makhleb


Innate Abilities, Weirdness & Mutations

You reflexively headbutt those who attack you in melee.
You have a pair of horns on your head.


Message History

The queen bee is severely wounded.
You slash the killer bee! You closely miss the killer bee.
* * * LOW HITPOINT WARNING * * *
You feel very sick.
The killer bee stings you but does no damage.
The killer bee stings you.
* * * LOW HITPOINT WARNING * * *
You are more poisoned.
The killer bee poisons you!
A killer bee comes into view.
You are too injured to fight recklessly!
The killer bee buzzes angrily.
You slice the queen bee!!
You kill the queen bee!
Trog accepts your kill.
Your Fighting skill increases to level 8!
Your Axes skill increases to level 10!
You slash the killer bee! You miss the killer bee.
You completely miss the killer bee.
You die...

.≈.. .≈..
..... .y... .
...... ..#
###y.....
....####y...#
.......y@yy.#
.###...###.#
###.### #...#
####...#
#......#
#......#
#..##### ...#
#..#


You could see 6 killer bees.

Vanquished Creatures
  A queen bee (D:8)
  A sky beast (D:6)
  A centaur (D:5)
  2 bullfrogs
  5 killer bees (D:8)
  2 electric eels (D:8)
  A crimson imp (D:5)
  An orc priest (D:5)
  3 hounds
  2 orc wizards (D:5)
  A bullfrog skeleton (D:6)
  A centaur skeleton (D:5)
  An iguana (D:6)
  3 worker ants
  4 gnolls (D:4)
  A howler monkey skeleton (D:8)
  3 adders (D:4)
  2 shadow imps
  An adder skeleton (D:8)
  An adder zombie (D:5)
  A dart slug (D:4)
  10 orcs
  4 giant cockroaches
  2 goblins
  4 jackals (D:6)
  A quokka (D:5)
  A kobold (D:2)
  A leopard gecko zombie (D:8)
61 creatures vanquished.

Notes
Turn   | Place    | Note
-------+----------+-------------------------------------------
     0 | D:1      | SpeedrunTech the Minotaur Berserker began the quest for the Orb.
     0 | D:1      | Reached XP level 1. HP: 19/19 MP: 0/0
    79 | D:2      | Found a shattered altar of Ashenzari.
   182 | D:3      | Found a burning altar of Makhleb.
   182 | D:3      | Noticed a hound
   186 | D:3      | Killed a hound
   186 | D:3      | Reached skill level 4 in Axes
   186 | D:3      | Reached XP level 2. HP: 23/27 MP: 1/1
   186 | D:3      | Reached XP level 3. HP: 28/33 MP: 2/2
   239 | D:4      | Reached skill level 5 in Axes
   250 | D:4      | Reached XP level 4. HP: 41/41 MP: 3/3
   330 | D:4      | Reached skill level 6 in Axes
   443 | D:5      | Entered Level 5 of the Dungeon
   451 | D:5      | Reached XP level 5. HP: 47/47 MP: 4/4
   453 | D:5      | Reached skill level 5 in Fighting
   464 | D:5      | Reached skill level 7 in Axes
   648 | D:5      | Reached ** piety under Trog
   652 | D:5      | Reached XP level 6. HP: 56/56 MP: 5/5
   923 | D:6      | Noticed a sky beast
   933 | D:6      | Reached skill level 8 in Axes
   933 | D:6      | Reached XP level 7. HP: 48/64 MP: 6/6
  1386 | D:8      | Reached skill level 9 in Axes
  1597 | D:8      | Noticed a queen bee
  1600 | D:8      | Reached XP level 8. HP: 45/73 MP: 7/7
  1604 | D:8      | HP: 7/109 [queen bee (15)]
  1605 | D:8      | HP: 2/109 [killer bee (2)]
  1606 | D:8      | Killed a queen bee
  1606 | D:8      | Reached skill level 10 in Axes
  1606 | D:8      | Succumbed to a killer bee's poison

Skill      XL: |  1  2  3  4  5  6  7  8 |
---------------+-------------------------+-----
Fighting       | 4 5 6 7 8 |  8.0
Axes           | 4 5 6 7 8 9 10 | 10.4
Armour         | |  2.4
Dodging        | |  2.1

Action                   |  1- 3 |  4- 6 |  7- 9 || total
-------------------------+-------+-------+-------++-------
Melee: Hand axe          |    25 |    77 |       ||   102
       Headbutt          |     4 |    14 |    10 ||    28
       War axe           |       |    15 |    39 ||    54
Invok: Berserk           |     1 |     1 |     2 ||     4
       Burn Spellbooks   |       |     1 |       ||     1
       Trog's Hand       |       |       |     1 ||     1
  Eat: Chunk             |       |     2 |     3 ||     5
Armor: Scale mail        |     8 |    50 |    21 ||    79
Dodge: Dodged            |    14 |    47 |    20 ||    81
